 Dungeon Crawl Stone Soup version 0.18.1-47-g9310371 (webtiles) character file.

5 Gagarin the Grasshopper (level 1, 0/10 HPs)
             Began as a Spriggan Warper on June 15, 2016.
             Slain by a kobold (3 damage)
             ... on level 1 of the Dungeon on June 17, 2016.
             The game lasted 00:02:51 (483 turns).

Gagarin the Grasshopper (Spriggan Warper)            Turns: 483, Time: 00:02:52

Health: 0/10       AC:  2    Str:  7    XL:     1   Next: 66%
Magic:  5/5        EV: 18    Int: 14    God:
Gold:   9          SH:  0    Dex: 15    Spells: 1 memorised, 4 levels left

rFire  . . .     SeeInvis +     a - +0 short sword
rCold  . . .     Gourm    .     b - +0 robe
rNeg   . . .     Faith    .     (shield restricted)
rPois  .         Spirit   .     (helmet restricted)
rElec  .         Dismiss  .     (no cloak)
rCorr  .         Reflect  .     (gloves unavailable)
SustAt .         Harm     .     (boots unavailable)
MR     .....                    (no amulet)
Stlth  +.........               (no ring)
                                (no ring)

@: very quick, not resistant to hostile enchantments, very unstealthy
A: unfitting armour, see invisible, herbivore 3, speed 3, slow metabolism 2
a: no special abilities


You were on level 1 of the Dungeon.
You were not hungry.

You visited 1 branch of the dungeon, and saw 1 of its levels.

You collected 9 gold pieces.

Inventory:

Hand Weapons
 a - a +0 short sword (weapon)
Missiles
 e - a tomahawk of dispersal (quivered)
Armour
 b - a +0 robe (worn)
Scrolls
 d - a scroll of blinking
 h - a scroll of fear {unknown}
 k - a scroll of enchant armour {unknown}
 l - a scroll of identify {unknown}
 n - a scroll of remove curse {unknown}
 o - a scroll of noise {unknown}
Potions
 g - a potion of brilliance {unknown}
 i - a potion of mutation {unknown}
 m - a potion of haste {unknown}
Books
 c - a book of Spatial Translocations

   Spells                             Type                      Level
   a - Apportation                    Translocation                1
   b - Blink                          Translocation                2
   c - Shroud of Golubria             Charms/Translocation         2
   d - Portal Projectile              Translocation                3
   e - Teleport Other                 Translocation                3
   f - Passage of Golubria            Translocation                4
Comestibles
 f - a bread ration
 j - 4 fruits


   Skills:
 + Level 1.6 Fighting
 + Level 2.2 Short Blades
 + Level 1.0 Throwing
 + Level 3.7 Dodging
 + Level 2.6 Spellcasting
 + Level 4.7 Translocations


You had 4 spell levels left.
You knew the following spells:

 Your Spells              Type           Power        Failure   Level  Hunger
a - Apportation           Tloc           ###.......   3%          1    #......


Dungeon Overview and Level Annotations

Branches:
Dungeon (1/15)

Altars:


Innate Abilities, Weirdness & Mutations

You are tiny and cannot use many weapons and most armour.
You have supernaturally acute eyesight.
You are a herbivore.
You cover ground extremely quickly.
You need consume almost no food.


Message History

Aim: a kobold You throw a tomahawk of dispersal.
The tomahawk of dispersal hits the kobold but does no damage.
Throwing (i - inventory):
e - 4 tomahawks of dispersal (quivered)
Press: ? - help, Shift-Dir - straight line, f/p - kobold
Aim: a kobold You throw a tomahawk of dispersal.
The tomahawk of dispersal barely misses the kobold.
Throwing (i - inventory):
e - 3 tomahawks of dispersal (quivered)
Press: ? - help, Shift-Dir - straight line, f/p - kobold
Aim: a kobold You throw a tomahawk of dispersal.
The tomahawk of dispersal barely misses the kobold.
Throwing (i - inventory):
e - 2 tomahawks of dispersal (quivered)
Press: ? - help, Shift-Dir - straight line, f/p - kobold
Aim: a kobold You throw a tomahawk of dispersal.
The tomahawk of dispersal closely misses the kobold.
The kobold hits you.
You die...

..# #.##.##...# #........#.#
..####.##.##...## #........#..
..K....##.......#########...#####
.......#####........# ##..# #
.......+............# ###..#####
.......#.###........# #.........
.......# #.........# #...>.....
....)..+ #.....K...# #.........
.......# #.....@...# #.........
........ ##........# #.........
#........####.........
#...........##'#######
#........##.##.# ####.........#.#
#.#..#....#.# #.#.......#.#
#......#†...#


You could see a kobold.

Vanquished Creatures
  A giant cockroach (D:1)
  A goblin (D:1)
  2 bats (D:1)
  A giant newt (D:1)
  A rat (D:1)
6 creatures vanquished.

Notes
Turn   | Place    | Note
--------------------------------------------------------------
     0 | D:1      | Gagarin the Spriggan Warper began the quest for the Orb.
     0 | D:1      | Reached XP level 1. HP: 10/10 MP: 5/5
   483 | D:1      | Slain by a kobold

Action                   || total
-------------------------++-------
Melee: Short sword       ||    33
Throw: Tomahawk          ||     4
 Stab: Sleeping          ||     1
Armor: Robe              ||     1
Dodge: Dodged            ||    26
